 Dungeon Crawl Stone Soup version 0.25-a0-287-g56a5b49892 (webtiles) character file.

Game seed: 1872300987773444532, levelgen mode: deterministic

774 D1HalberdGnoll the Sneak (level 7, 0/52 HPs)
             Began as a Vampire Earth Elementalist on Dec 12, 2019.
             Was a Follower of Sif Muna.
             Killed by divine providence
             ... invoked by an orc priest
              (12 damage)
             ... on level 5 of the Dungeon.
             The game lasted 00:09:36 (5105 turns).

D1HalberdGnoll the Sneak (VpEE)                     Turns: 5105, Time: 00:09:37

Health: 0/52       AC:  4    Str:  8    XL:     7   Next: 53%
Magic:  12/12      EV: 12    Int: 19    God:    Sif Muna [*.....]
Gold:   35         SH:  0    Dex: 14    Spells: 7/13 levels left

rFire    . . .     SeeInvis +   g - +2 dagger (venom)
rCold    + . .     Gourm    .   (no shield)
rNeg     . . .     Faith    .   k - +1 leather armour of the Moon Troll {rPois}
rPois    +         Spirit   .   (no helmet)
rElec    .         Reflect  .   (no cloak)
rCorr    .         Harm     .   (no gloves)
MR       .....                  (no boots)
Stlth    ++++......             t - amulet of regeneration
HPRegen  0.77/turn              o - ring of stealth
MPRegen  0.13/turn              p - ring of protection from cold

@: regenerating quickly
A: no food, fangs 3, see invisible, unbreathing
a: Exsanguinate, Channel Magic, Renounce Religion


You were on level 5 of the Dungeon.
You worshipped Sif Muna.
Sif Muna was aware of your devotion.
You were alive.

You visited 2 branches of the dungeon, and saw 6 of its levels.

You collected 280 gold pieces.
You spent 245 gold pieces at shops.

Inventory:

Hand Weapons
 g - a +2 dagger of venom (weapon)
 h - a +2 vampiric dagger
Missiles
 b - 22 stones (quivered)
Armour
 k - the +1 leather armour of the Moon Troll (worn) {rPois}
   (You found it on level 4 of the Dungeon)

   It protects you from poison.
Jewellery
 o - a ring of stealth (left hand)
 p - a ring of protection from cold (right hand)
 t - an amulet of regeneration (around neck)
Wands
 n - a wand of paralysis (2)
Scrolls
 a - 4 scrolls of teleportation
 d - 4 scrolls of remove curse
 q - a scroll of enchant weapon
 s - 2 scrolls of identify
Potions
 c - a potion of lignification {unknown}
 e - a potion of agility {unknown}
 f - a potion of heal wounds {unknown}
 i - a potion of degeneration {unknown}
 j - a potion of ambrosia {unknown}
 l - a potion of resistance {unknown}
 m - 2 potions of curing {unknown}
 r - 2 potions of flight {unknown}


   Skills:
 + Level 3.2 Fighting
 - Level 2.1 Dodging
 + Level 6.5 Stealth
 + Level 3.9 Spellcasting
 - Level 1.1 Transmutations
 * Level 6.1 Earth Magic


You had 7 spell levels left.
You knew the following spells:

 Your Spells              Type           Power        Failure   Level  Hunger
a - Sandblast             Erth           ####..       1%          1    N/A
b - Stone Arrow           Conj/Erth      ###...       17%         3    N/A
p - Passwall              Tmut/Erth      ###.....     7%          2    N/A

Your spell library contained the following spells:

 Spells                   Type           Power        Failure   Level  Hunger
 Petrify                  Tmut/Erth      ###.....     41%         4    N/A
 Lee's Rapid Deconstruct  Erth           ####......   41%         5    N/A

Dungeon Overview and Level Annotations

Branches:
Dungeon (5/15)             Temple (1/1) D:4

Altars:
Ashenzari
Cheibriados
Dithmenos
Elyvilon
Fedhas
Gozag
Hepliaklqana
Kikubaaqudgha
Makhleb
Nemelex Xobeh
Okawaru
Ru
Sif Muna
Trog
Uskayaw
Vehumet
Wu Jian
Xom
Yredelemnul
Zin
The Shining One

Shops:
D:5 =

Portals:
Sewer: D:5

Annotations:
D:5 Dowan, Duvessa


Innate Abilities, Weirdness & Mutations

You do not eat.
Your natural rate of healing is unusually fast.
You have razor-sharp teeth.
You have supernaturally acute eyesight. (SInv)
You can survive without breathing.


Message History

You climb upwards.
There is a stone staircase leading down here.
You start resting.
Magic restored.
You start resting.
HP restored.
There is a stone staircase leading down here.
You climb downwards.
You hear the sound of rushing water.
There is an entrance to a sewer on this level.
Hurry and find it before the portal rusts away!
Level annotation: Dowan, Duvessa You hear the quick rusting of a distant drain.
The orc priest calls down the wrath of Beogh upon you.
Beogh smites you!
The ogre hits you with a +0 giant club!!
Ouch! That really hurt!
* * * LOW HITPOINT WARNING * * *
The orc priest calls down the wrath of Beogh upon you.
Beogh smites you!
You die...

.....##.......###..####.#
##.... ...........[.o.##.#
#.## #...#
...............##.#####..#
#....
........##.w#o.........#.##
###..
.......................#..#
##.
.......................##.# .
.##....................##.# .
e#.....................##.# .
.#..............@......##.# #
.......>.........O.....##.####
)##.....<..............##....#
.#.........>.##.#............#
...#########....#....####....#
..## ###.####### #....# .##
#.# ###### ## #.# #%#


You could see an ogre, a worm (wandering) and 2 orc priests.

Vanquished Creatures
  2 orc warriors (D:4)
  A bullfrog zombie (D:5)
  A jelly (D:5)
  An orc priest (D:3)
  4 orc wizards
  2 bullfrog skeletons
  2 worker ants (D:4)
  Natasha (thrice) (D:3)
  A hound skeleton (D:5)
  8 adders
  An ooze (D:4)
  4 worms
  A dart slug (D:3)
  3 leopard geckos
  21 orcs
  7 giant cockroaches
  5 goblins
  7 hobgoblins
  2 ball pythons
  5 bats
  3 frilled lizards
  5 kobolds
  A leopard gecko skeleton (D:4)
  9 rats
99 creatures vanquished.

Notes
Turn   | Place    | Note
-------+----------+-------------------------------------------
     0 | D:1      | D1HalberdGnoll the Vampire Earth Elementalist began the
                  | quest for the Orb.
     0 | D:1      | Reached XP level 1. HP: 13/13 MP: 3/3
   144 | D:1      | Reached XP level 2. HP: 20/20 MP: 3/5
   485 | D:2      | Learned a level 2 spell: Passwall
   733 | D:2      | Reached XP level 3. HP: 13/25 MP: 6/6
   816 | D:2      | Reached skill level 1 in Fighting
   847 | D:2      | Found a sparkling altar of Nemelex Xobeh.
   852 | D:2      | Learned a level 3 spell: Stone Arrow
  1169 | D:2      | Found a faded altar of an unknown god.
  1533 | D:3      | Reached XP level 4. HP: 15/32 MP: 0/7
  1645 | D:3      | Noticed Natasha
  1646 | D:3      | Killed Natasha
  1913 | D:3      | Reached XP level 5. HP: 37/37 MP: 2/9
  2204 | D:3      | Noticed Natasha
  2209 | D:3      | Killed Natasha
  2344 | D:3      | Noticed Natasha
  2625 | D:3      | Killed Natasha
  2625 | D:3      | Reached skill level 5 in Stealth
  2906 | D:4      | Found a staircase to the Ecumenical Temple.
  2917 | Temple   | Entered the Ecumenical Temple
  3047 | Temple   | Became a worshipper of Sif Muna the Loreminder
  3081 | D:4      | Reached XP level 6. HP: 43/44 MP: 6/10
  3141 | D:4      | Got a slimy leather armour
  3170 | D:4      | Noticed an orc warrior
  3182 | D:4      | Killed an orc warrior
  3182 | D:4      | Reached skill level 5 in Earth Magic
  3474 | D:4      | Found an opulent altar of Gozag.
  3475 | D:4      | Found a blossoming altar of Fedhas.
  3834 | D:4      | Found a sacrificial altar of Ru.
  4086 | D:4      | Noticed an orc warrior
  4091 | D:4      | Reached XP level 7. HP: 51/51 MP: 5/12
  4285 | D:4      | Identified the +1 leather armour of the Moon Troll {rPois}
                  | (You found it on level 4 of the Dungeon)
  4320 | D:4      | Reached * piety under Sif Muna
  4345 | D:4      | Found a hide-covered altar of Uskayaw.
  4345 | D:4      | Found an ornate altar of the Wu Jian Council.
  4416 | D:4      | Found a basalt altar of Yredelemnul.
  4418 | D:4      | Found a white marble altar of Elyvilon.
  4420 | D:4      | Found a shadowy altar of Dithmenos.
  4703 | D:5      | Entered Level 5 of the Dungeon
  4722 | D:5      | Found a glowing drain.
  4725 | D:5      | Noticed Duvessa
  4725 | D:5      | Noticed Dowan
  4761 | D:5      | Found Muczicune's Jewellery Shop.
  4866 | D:5      | Bought an uncursed ring of stealth for 245 gold pieces
  5105 | D:5      | Killed from afar by an orc priest

Levels and vault maps discovered:
D:1:      mrwooster_arrival_statue, layout_rooms
D:2:      layout_basic, old_standard_altar, chequers_ecumenical_altar_twisty
D:3:      layout_basic, uniq_natasha
D:4:      layout_basic, chequers_temple_overflow_minitemple,
          hangedman_ru_absence, minitemple, minmay_temple_entry_trees
D:5:      layout_rooms, first_ration, portal_sewer_entry_a, serial_shops, shop,
          minmay_crystal_room, uniq_duvessa
Temple:   nicolae_temple_hex_pool

Skill      XL: |  1  2  3  4  5  6  7 |
---------------+----------------------+-----
Fighting       | 1 2 3 |  3.2
Stealth        | 4 5 6 |  6.5
Earth Magic    | 4 5 6 |  6.1
Spellcasting   | 3 |  3.9
Dodging        | |  2.1
Transmutations | |  1.1

Action                   |  1- 3 |  4- 6 |  7- 9 || total
-------------------------+-------+-------+-------++-------
Melee: Dagger            |    42 |    48 |    31 ||   121
       Bite              |     4 |     6 |     4 ||    14
       Club              |     2 |       |       ||     2
Throw: Stone             |       |     1 |       ||     1
 Cast: Sandblast         |    29 |    53 |    20 ||   102
       Stone Arrow       |     8 |    15 |     8 ||    31
Evoke: Wand              |       |       |     3 ||     3
  Use: Scroll            |       |     5 |     3 ||     8
 Stab: Sleeping          |       |     2 |     2 ||     4
       Paralysed         |       |       |     3 ||     3
Armor: Robe              |     8 |     8 |     1 ||    17
       Leather armour    |       |       |     6 ||     6
Dodge: Dodged            |    28 |    37 |    19 ||    84

Table legend:
 A = Non-vault XP
 B = Vault XP
 C = Vault XP percentage of total XP
 D = Non-vault monster count
 E = Vault monster count
 F = Vault count percentage of total count
                 A         B        C        D         E       F
            +---------+---------+-------+---------+---------+-------
      Total |    1066 |      41 |   3.7 |      94 |       5 |   5.1
            +---------+---------+-------+---------+---------+-------
        D:1 |      27 |       0 |   0.0 |      19 |       0 |   0.0
        D:2 |      42 |       0 |   0.0 |      14 |       0 |   0.0
        D:3 |     224 |      35 |  13.5 |      28 |       1 |   3.4
        D:4 |     620 |       0 |   0.0 |      27 |       0 |   0.0
        D:5 |     153 |       6 |   3.8 |       6 |       4 |  40.0
            +---------+---------+-------+---------+---------+-------
